 Dungeon Crawl Stone Soup version 0.23-a0-183-gf37f6fb (webtiles) character file.

7 Amnesiac the Skirmisher (level 1, -1/18 HPs)
             Began as a Mummy Monk on Sept 21, 2018.
             Slain by a jackal (3 damage)
             ... on level 1 of the Dungeon.
             The game lasted 00:00:22 (134 turns).

Amnesiac the Skirmisher (Mummy Monk)                 Turns: 134, Time: 00:00:22

Health: -1/18      AC:  2    Str: 14    XL:     1   Next: 91%
Magic:  3/3        EV: 13    Int:  9    God:
Gold:   0          SH:  0    Dex: 14    Spells: 4/4 levels left

rFire    x . .     SeeInvis .   a - +0 short sword
rCold    + . .     Gourm    .   (no shield)
rNeg     + + +     Faith    .   b - +0 robe
rPois    ∞         Spirit   .   (no helmet)
rElec    .         Reflect  .   (no cloak)
rCorr    .         Harm     .   (no gloves)
MR       .....                  (no boots)
Stlth    ++........             (no amulet)
HPRegen  0.06/turn              (no ring)
MPRegen  0.08/turn              (no ring)

@: no status effects
A: no food or potions, fire vulnerability, cold resistance 1, negative energy
resistance 3, torment resistance, unbreathing
a: no special abilities


You were on level 1 of the Dungeon.
You were not hungry.

You visited 1 branch of the dungeon, and saw 1 of its levels.

Inventory:

Hand Weapons
 a - a +0 short sword (weapon)
Armour
 b - a +0 robe (worn)


   Skills:
 - Level 3.0 Fighting
 - Level 2.4 Short Blades
 - Level 2.4 Dodging
 - Level 1.5 Stealth
 + Level 2.0 Spellcasting


You had 4 spell levels left.
You didn't know any spells.
Your spell library was empty.

Dungeon Overview and Level Annotations

Branches:
Dungeon (1/15)

Altars:


Innate Abilities, Weirdness & Mutations

You do not eat or drink.
Your flesh is vulnerable to fire.
You are immune to poison.
Your flesh is cold resistant. (rC+)
You are immune to negative energy. (rN+++)
You are immune to unholy pain and torment.
You can survive without breathing.


Message History

You hit the dart slug.
The dart slug is severely wounded.
You hit the dart slug.
You kill the dart slug!
Your Spellcasting skill increases to level 2!
No target in view!
No target in view!
A jackal comes into view.
The jackal barks!
A jackal is nearby!
A jackal is nearby!
A jackal is nearby!
A jackal comes into view.
You start resting.
The jackal is too close now for your liking.
You barely miss the jackal. The jackal bites you.
You barely miss the jackal. The jackal bites you.
You hit the jackal but do no damage. The jackal bites you.
The jackal completely misses you.
You closely miss the jackal. The jackal closely misses you.
You barely miss the jackal. The jackal completely misses you.
The jackal bites you.
* * * LOW HITPOINT WARNING * * *
You barely miss the jackal.
The jackal bites you but does no damage.
You barely miss the jackal.
The jackal barks!
The jackal closely misses you.
You hit the jackal but do no damage. The jackal bites you.
* * * LOW HITPOINT WARNING * * *
The jackal barely misses you.
You hit the jackal.
The jackal is moderately wounded.
The jackal barely misses you.
You closely miss the jackal.
The jackal is moderately wounded.
The jackal bites you but does no damage.
You hit the jackal but do no damage.
The jackal is moderately wounded.
The jackal bites you but does no damage.
The jackal bites you.
* * * LOW HITPOINT WARNING * * *
You closely miss the jackal.
The jackal is moderately wounded.
The jackal bites you.
* * * LOW HITPOINT WARNING * * *
You barely miss the jackal.
The jackal is moderately wounded.
The jackal bites you.
* * * LOW HITPOINT WARNING * * *
The jackal bites you.
* * * LOW HITPOINT WARNING * * *
You are too injured to fight recklessly!
You are too injured to fight recklessly!
You closely miss the jackal.
The jackal is moderately wounded.
The jackal barely misses you.
You are too injured to fight recklessly!
You are too injured to fight recklessly!
You are too injured to fight recklessly!
You miss the jackal.
The jackal is moderately wounded.
The jackal bites you.
You die...

..... .... ...
.....###... ...
.......#.. ...
##.....#.########..
#..................
#.....%............
#......†...........
#.......##†.#####..
##@##.............#
##h..#####+#####..
#..### ### #.$.## #
#h.## .## #..#
....### h..#
#...... ..# #.#...
.. ...#.#


You could see a jackal.

Vanquished Creatures
  A dart slug (D:1)
  A bat (D:1)
  2 hobgoblins (D:1)
  A kobold (D:1)
5 creatures vanquished.

Notes
Turn   | Place    | Note
-------+----------+-------------------------------------------
     0 | D:1      | Amnesiac the Mummy Monk began the quest for the Orb.
     0 | D:1      | Reached XP level 1. HP: 18/18 MP: 1/1
    33 | D:1      | Reached skill level 1 in Spellcasting
   134 | D:1      | Slain by a jackal

Vault maps used:
D:1:      arrival_zaba_pyramid, st_stairs_10

Skill      XL: |  1 |
---------------+----+-----
Spellcasting   | 2 |  2.0
Fighting       | |  3.0
Short Blades   | |  2.4
Dodging        | |  2.4
Stealth        | |  1.5

Action                   || total
-------------------------++-------
Melee: Short sword       ||    34
 Stab: Sleeping          ||     1
Armor: Robe              ||    11
Dodge: Dodged            ||    19

Table legend:
 A = Non-vault XP
 B = Vault XP
 C = Vault XP percentage of total XP
 D = Non-vault monster count
 E = Vault monster count
 F = Vault count percentage of total count
                 A         B        C        D         E       F
            +---------+---------+-------+---------+---------+-------
      Total |      11 |       0 |   0.0 |       5 |       0 |   0.0
            +---------+---------+-------+---------+---------+-------
        D:1 |      11 |       0 |   0.0 |       5 |       0 |   0.0
            +---------+---------+-------+---------+---------+-------
